AoeStats
← Swankler

Arabia

510486648Analyzed
1v1 RM · 13h ago on Oct 1, 2026· 30m 13s· 2 players
Game mode
Random Map
Map size
Tiny (2 player)
Population
200
Speed
Normal
Resources
Standard
Victory
Conquest
Starting age
Dark Age
Ending age
Imperial Age
RankedLock teamsTeams togetherTeam positionsShared explorationLock speedFull tech treeHidden civsTurbo modeCheats
Victory
Defeat
🇩🇪 Ethiopians · Germany
984
+17
🇺🇸 Goths · United States
1000
-51
aYce Slide4285
12:08 Feudal Age
12:52 Double-Bit Axe
15:34 Fletching
21:48 Castle Age
20:39 Gold Mining
20:31 Horse Collar
22:01 Crossbowman
22:46 Thumb Ring
22:40 Bodkin Arrow
26:46 Bow Saw
Swankler
11:35 Feudal Age
12:21 Horse Collar
12:59 Man-at-Arms
Connection lost

Rejoining the realm…

Still unreachable

The connection could not be restored.

Session expired

The server has moved on; the page needs a fresh start.